 Dungeon Crawl Stone Soup version 0.18.1-6-gd335043 (webtiles) character file.

2247 FitzyFitz the Summoner (level 8, -1/62 HPs)
             Began as a Demigod Summoner on May 17, 2016.
             Slain by a spriggan baker
             ... wielding a +0 dagger
              (12 damage)
             ... on level 7 of the Dungeon.
             The game lasted 00:31:16 (12464 turns).

FitzyFitz the Summoner (Demigod Summoner)          Turns: 12464, Time: 00:31:17

Health: -1/62      AC:  5    Str: 11    XL:     8   Next: 92%
Magic:  6/13       EV: 12    Int: 23    God:
Gold:   337        SH:  0    Dex: 16    Spells: 4 memorised, 0 levels left

rFire  . . .     SeeInvis .     a - +1 dagger (venom)
rCold  . . .     Gourm    .     w - +1 robe {MR+}
rNeg   + . .     Faith    .     (no shield)
rPois  .         Spirit   .     t - +0 helmet
rElec  .         Dismiss  .     (no cloak)
rCorr  .         Reflect  .     M - +0 pair of gloves
SustAt +         Harm     .     (no boots)
MR     +....                    (no amulet)
Stlth  ++........               (no ring)
                                p - ring of positive energy

@: somewhat resistant to hostile enchantments, unstealthy
A: high mp 1, sustain attributes
a: no special abilities


You were on level 7 of the Dungeon.
You were hungry.

You visited 2 branches of the dungeon, and saw 8 of its levels.
You also visited: Sewer.

You collected 337 gold pieces.

Inventory:

Hand Weapons
 a - a +1 dagger of venom (weapon)
 b - a +0 hand crossbow
 g - a +0 hunting sling
 k - a +2 flail of protection
 v - a +0 rapier
 L - the +4 short sword "Anuga" {pierce, rElec rPois}
   (You found it on level 5 of the Dungeon)

   It inflicts extra damage upon your enemies.
   It insulates you from electricity.
   It protects you from poison.
 N - a +0 shortbow
 R - a +1 great sword
 S - a +0 morningstar
Missiles
 h - 159 stones (quivered)
 s - 8 javelins of returning
 K - 25 bolts
 O - 27 arrows
Armour
 t - a +0 helmet (worn)
 w - a +1 robe of magic resistance (worn)
 B - a +0 leather armour of cold resistance
 M - a +0 pair of gloves (worn)
Jewellery
 p - a ring of positive energy (left hand)
Wands
 F - a wand of disintegration (15/24)
Scrolls
 d - 3 scrolls of teleportation
 j - a scroll of remove curse
 l - a scroll of noise
 J - 2 scrolls of fog
 Q - a scroll of identify {unknown}
Potions
 e - a potion of curing
 i - a potion of lignification {unknown}
 o - a potion of might {unknown}
 r - 3 potions of resistance {unknown}
 D - a potion of cure mutation {unknown}
 E - 2 potions of heal wounds {unknown}
 H - 2 potions of flight {unknown}
 U - a potion of agility {unknown}
Books
 m - a book of Flames

   Spells                             Type                      Level
   a - Flame Tongue                   Conjuration/Fire             1
   b - Throw Flame                    Conjuration/Fire             2
   c - Conjure Flame                  Conjuration/Fire             3
   d - Inner Flame                    Hexes/Fire                   3
   e - Sticky Flame                   Conjuration/Fire             4
   f - Fireball                       Conjuration/Fire             5
 C - a book of Callings

   Spells                             Type                      Level
   a - Summon Small Mammal            Summoning                    1
   b - Call Imp                       Summoning                    2
   c - Call Canine Familiar           Summoning                    3
   d - Summon Guardian Golem          Hexes/Summoning              3
   e - Summon Lightning Spire         Summoning/Air                4
   f - Summon Ice Beast               Ice/Summoning                4
Comestibles
 c - 4 bread rations
 f - a chunk of flesh
 n - a meat ration
 A - 5 fruits


   Skills:
 + Level 2.6 Fighting
 - Level 1.7 Dodging
 - Level 1.7 Stealth
 - Level 1.7 Spellcasting
 - Level 9.9 Summonings
 - Level 5.5 Ice Magic


You couldn't memorise any spells.
You knew the following spells:

 Your Spells              Type           Power        Failure   Level  Hunger
a - Summon Small Mammal   Summ           ####         1%          1    #......
b - Call Imp              Summ           #####...     1%          2    ##.....
c - Call Canine Familiar  Summ           #####...     1%          3    ###....
d - Summon Ice Beast      Ice/Summ       #####...     8%          4    #####..


Dungeon Overview and Level Annotations

Branches:
Dungeon (7/15)             Temple (1/1) D:4


Innate Abilities, Weirdness & Mutations

You have an increased reservoir of magic (+10% MP).
Your attributes are resistant to harm.


Message History

It was a potion of curing.
You feel better.
The spriggan baker hits you with a dagger!
* * * LOW HITPOINT WARNING * * *
Your ice beast barely misses the spriggan baker.
Your ice beast closely misses the spriggan baker.
Drink which item? (? for menu, Esc to quit)
You feel better. The spriggan baker barely misses you.
Your ice beast hits the spriggan baker.
Your ice beast freezes the spriggan baker!
Your ice beast closely misses the spriggan baker.
You barely miss the spriggan baker.
The spriggan baker is heavily wounded.
The spriggan baker hits you with a dagger!
* * * LOW HITPOINT WARNING * * *
Your ice beast closely misses the spriggan baker.
Your ice beast barely misses the spriggan baker.
Drink which item? (? for menu, Esc to quit)
You feel better.
The spriggan baker hits you with a dagger!
You die...

.......)#####.........#
........# #.........#
#.......# #.........#
##+###### +.........# .
###+#.........#
..##...##....#####
.......#....#
.....Y.#....#
####.i@....#
#######...Y.######
............#
............#
............#
............#
............#
.......#'###....
.......#.. ....#


You could see a spriggan baker and 2 friendly ice beasts.

Vanquished Creatures
  An orc warrior (D:4)
  2 centaurs
  2 big kobolds
  2 giant frogs
  3 wights (D:6)
  4 howler monkeys
  A centaur zombie (D:6)
  3 orc priests
  A jelly (D:5)
  Ijyb (D:3)
  A centaur skeleton (D:5)
  11 orc wizards
  Jessica (D:3)
  6 worker ants
  A hound skeleton (D:5)
  6 adders
  3 gnolls (D:5)
  2 river rats
  2 shadow imps
  An ooze (D:1)
  An adder zombie (D:6)
  3 worms
  2 giant geckos
  29 orcs
  5 bats
  2 giant cockroaches
  8 goblins
  5 hobgoblins
  4 jackals
  4 quokkas
  5 ball pythons
  A giant gecko skeleton (D:5)
  5 giant newts
  A jackal skeleton (D:7)
  8 kobolds
  A quokka skeleton (D:7)
  15 rats
153 creatures vanquished.

Vanquished Creatures (collateral kills)
  Purgy (D:3)
  2 sky beasts (D:6)
  A phantom (D:6)
  An ogre (D:4)
  A giant frog (D:6)
  2 wights (D:6)
  2 howler monkeys
  A jelly (D:5)
  A quasit (D:6)
  An orc priest (D:6)
  3 orc wizards
  2 adders
  3 oozes
  A worm (D:3)
  3 giant geckos (D:1)
  9 orcs
  A giant cockroach (D:1)
  A hobgoblin (D:1)
  2 kobolds (D:1)
  A ball python (D:1)
  A bat (D:1)
  2 goblins
42 creatures vanquished.

Grand Total: 195 creatures vanquished

Notes
Turn   | Place    | Note
--------------------------------------------------------------
     0 | D:1      | FitzyFitz the Demigod Summoner began the quest for the Orb.
     0 | D:1      | Reached XP level 1. HP: 14/14 MP: 5/5
   759 | D:1      | Reached skill level 4 in Summonings
  1029 | D:1      | Reached XP level 2. HP: 20/20 MP: 4/7
  1999 | D:1      | Reached XP level 3. HP: 15/26 MP: 8/8
  2226 | D:2      | Learned a level 2 spell: Call Imp
  2839 | D:2      | Reached skill level 5 in Summonings
  3311 | D:2      | Found a bloodstained altar of Trog.
  3426 | D:2      | Reached XP level 4. HP: 33/33 MP: 9/9
  3762 | D:3      | Noticed Purgy
  3769 | D:3      | Learned a level 3 spell: Call Canine Familiar
  3841 | D:3      | Noticed Jessica
  3850 | D:3      | Killed Jessica
  3951 | D:3      | Reached skill level 6 in Summonings
  3951 | D:3      | Reached XP level 5. HP: 25/38 MP: 8/10
  4299 | D:3      | Killed Purgy
  4979 | D:3      | Noticed Ijyb
  4992 | D:3      | Killed Ijyb
  5239 | D:4      | Reached XP level 6. HP: 45/45 MP: 11/11
  5258 | D:4      | Reached skill level 7 in Summonings
  5404 | D:4      | Found a shadowy altar of Dithmenos.
  5413 | D:4      | Found a staircase to the Ecumenical Temple.
  5424 | Temple   | Entered the Ecumenical Temple
  5447 | D:4      | Found a glowing drain.
  5470 | Sewer    | Entered a sewer
  5849 | Sewer    | Found a white marble altar of Elyvilon.
  6061 | D:4      | Reached skill level 8 in Summonings
  6081 | D:4      | Reached XP level 7. HP: 15/50 MP: 10/12
  6638 | D:5      | Entered Level 5 of the Dungeon
  6641 | D:5      | Got a faintly glowing short sword
  6664 | D:4      | Identified the +4 short sword "Anuga" {pierce, rElec rPois} (You found it on level 5 of the Dungeon)
  6871 | D:5      | Reached skill level 9 in Summonings
  8091 | D:5      | Reached XP level 8. HP: 55/57 MP: 9/13
  8706 | D:6      | Learned a level 4 spell: Summon Ice Beast
  8924 | D:6      | Reached skill level 1 in Ice Magic
 11071 | D:6      | Reached skill level 5 in Ice Magic
 12036 | D:6      | Reached skill level 1 in Fighting
 12463 | D:7      | HP: 3/62 [spriggan baker/dagger (11)]
 12464 | D:7      | Slain by a spriggan baker

Skill      XL: |  1  2  3  4  5  6  7  8 |
---------------+-------------------------+-----
Summonings     | 4 5 6 8 9 |  9.9
Ice Magic      | 5 |  5.5
Fighting       | 2 |  2.6
Dodging        | |  1.7
Stealth        | |  1.7
Spellcasting   | |  1.7

Action                   |  1- 3 |  4- 6 |  7- 9 || total
-------------------------+-------+-------+-------++-------
Melee: Unarmed           |    63 |       |       ||    63
       Short sword       |    37 |       |    47 ||    84
       Spear             |    25 |       |       ||    25
       Dagger            |    11 |   194 |   340 ||   545
 Fire: Hand crossbow     |       |       |    62 ||    62
       Hunting sling     |       |       |     4 ||     4
Throw: Stone             |       |       |     2 ||     2
 Cast: Summon Small Mamm |    29 |    14 |    13 ||    56
       Call Imp          |       |     4 |     5 ||     9
       Call Canine Famil |       |     2 |     3 ||     5
       Summon Ice Beast  |       |       |    17 ||    17
  Use: Scroll            |       |     3 |     5 ||     8
       Potion            |       |       |     3 ||     3
 Stab: Sleeping          |     4 |     2 |     2 ||     8
       Distracted        |       |     2 |     2 ||     4
  Eat: Chunk             |     8 |    10 |    18 ||    36
       Meat ration       |       |       |     1 ||     1
       Beef jerky        |       |       |     1 ||     1
Armor: Robe              |    30 |    35 |   130 ||   195
Dodge: Dodged            |   113 |   102 |   272 ||   487
